 Dungeon Crawl Stone Soup version 0.32-a0-931-g5a2cda0630 (webtiles) character file.

Game seed: 18355673407204568277

10783 jasper the Stormcaller (level 11, -5/69 HPs)
             Began as a Tengu Air Elementalist on Apr 13, 2024.
             Was a Follower of Ashenzari.
             Slain by a death yak (18 damage)
             ... on level 9 of the Dungeon.
             The game lasted 00:16:48 (10722 turns).

jasper the Stormcaller (Tengu Air Elementalist)    Turns: 10722, Time: 00:16:49

Health: -5/69      AC:  9    Str:  8    XL:     11   Next: 67%
Magic:  16/23      EV: 19    Int: 21    God:    Ashenzari [*.....]
Gold:   1394       SH:  0    Dex: 14    Spells: 6/25 levels left

rFire   + + .        d - +0 dagger "Omission of Ashenzari" {Dev, Melee} (curse)
rCold   . . .        i - orb {*channel}
rNeg    . . .        o - +0 robe {rF+}
rPois   .            (helmet restricted)
rElec   .            u - +0 cloak "Seer of Ashenzari" {Sorc, Melee} (curse)
rCorr   .            t - +1 pair of gloves
SInv    .            (boots unavailable)
Will    .....        j - amulet of magic regeneration
Stlth   ++           l - ring of protection from fire
HPRegen 0.31/turn    s - +4 ring of protection
MPRegen 0.58/turn

%: acrobat, channel magic (20%)
@: flying, studying Air Magic
A: beak, talons 3, evasive flight, acrobatic
a: Renounce Religion, Curse Item, Shatter the Chains


You were on level 9 of the Dungeon.
You worshipped Ashenzari.
Ashenzari was aware of your devotion.
You visited 2 branches of the dungeon, and saw 11 of its levels.
You also visited: Ossuary and Bailey.

You collected 1998 gold pieces.
You spent 604 gold pieces at shops.

Inventory:

Hand Weapons
 d - the cursed +0 dagger "Omission of Ashenzari" (weapon) {Dev, Melee}
   (You took it off a goblin on level 1 of the Dungeon)

   It has a curse which improves the following skills: Devices: Evocations and
   Shapeshifting.
   Melee Combat: Short Blades, Long Blades, Axes, Maces & Flails, Polearms,
   Staves and Unarmed Combat.
Armour
 a - a +0 robe
 i - an orb of energy (worn)
 o - a +0 robe of fire resistance (worn)
 t - a +1 pair of gloves (worn)
 u - the cursed +0 cloak "Seer of Ashenzari" (worn) {Sorc, Melee}
   (You took it off Crazy Yiuf on level 2 of the Dungeon)

   It has a curse which improves the following skills: Sorcery: Conjurations and
   Alchemy.
   Melee Combat: Short Blades, Long Blades, Axes, Maces & Flails, Polearms,
   Staves and Unarmed Combat.
 H - +0 acid dragon scales
Jewellery
 c - a ring of protection from cold
 f - a +6 ring of strength
 j - an amulet of magic regeneration (around neck)
 l - a ring of protection from fire (left hand)
 s - a +4 ring of protection (right hand)
 v - a ring of magical power
Wands
 G - a wand of light (4)
Scrolls
 e - 2 scrolls of immolation
 g - 8 scrolls of teleportation
 h - 7 scrolls of enchant armour
 m - a scroll of butterflies
 y - a scroll of amnesia
 A - 3 scrolls of silence
 B - a scroll of revelation
 C - 3 scrolls of noise
 D - 3 scrolls of fear
 F - a scroll of vulnerability
 I - 4 scrolls of identify
 K - a scroll of brand weapon
 L - 2 scrolls of blinking
 M - a scroll of enchant weapon
Potions
 b - 5 potions of magic
 k - a potion of heal wounds
 n - 6 potions of resistance
 p - a potion of ambrosia
 q - 5 potions of haste
 r - 4 potions of attraction
 w - a potion of enlightenment
 x - 2 potions of curing
 z - a potion of cancellation
 E - a potion of brilliance
 J - a potion of berserk rage
 N - 3 potions of invisibility
 O - a potion of mutation
 P - 2 potions of might


   Skills:
 - Level 8.7 Fighting
 - Level 9.0 Dodging
 - Level 2.0 Stealth
 - Level 7.6 Spellcasting
 - Level 6.0(6.7) Conjurations
 - Level 16.2 Air Magic
 + Level 4.1(4.9) Alchemy


You had 6 spell levels left.
You knew the following spells:

 Your Spells              Type           Power      Damage    Failure   Level
a - Shock                 Conj/Air       100%       1d9       1%          1
b - Static Discharge      Conj/Air       100%       3-8/arc   1%          2
c - Swiftness             Air            66%        N/A       1%          3
d - Airstrike             Air            33%        2d(5-21)  1%          4
e - Olgreb's Toxic Radia  Alch           28%        N/A       26%         4
f - Irradiate             Conj/Alch      16%        3d17      41%         5

Your spell library contained the following spells:

 Spells                   Type           Power      Damage    Failure   Level
 Mercury Vapours          Alch/Air       100%       N/A       1%          2
 Sting                    Conj/Alch      100%       1d9       4%          1
 Sublimation of Blood     Necr           7%         N/A       30%         2
 Teleport Other           Tloc           7%         N/A       47%         3
 Petrify                  Alch/Erth      18%        N/A       52%         4
 Dispersal                Tloc           3%         N/A       100%        6
 Gell's Gavotte           Tloc           3%         2d(13-19) 100%        6
 Sculpt Simulacrum        Ice/Alch       9%         N/A       100%        6
 Malign Gateway           Summ/Tloc      3%         N/A       100%        7


Dungeon Overview and Level Annotations

Branches:
Dungeon (10/15)            Temple (1/1) D:5             Orc (0/2) D:9
Ossuary (visited)          Bailey (visited)
   Lair: D:8-11

Altars:
Ashenzari
Cheibriados
Dithmenos
Elyvilon
Fedhas
Gozag
Hepliaklqana
Kikubaaqudgha
Makhleb
Nemelex Xobeh
Qazlal
Ru
Sif Muna
Trog
Uskayaw
Vehumet
Wu Jian
Xom
Yredelemnul
Zin
The Shining One

Shops:
D:1 (   D:5 :   D:6 :   D:7 *


Innate Abilities, Weirdness & Mutations

You have a beak for a mouth.
You have claws for feet.
Your magical flight helps you evade attacks. (EV +4)
You can magically evade attacks while moving or waiting.


Message History

The death yak is struck by an arc of lightning.
The death yak is severely wounded.
You are struck by an arc of lightning.
The death yak is struck by an arc of lightning.
The death yak is severely wounded.
You are struck by an arc of lightning.
The death yak is struck by an arc of lightning.
The death yak is severely wounded.
The lightning grounds out.
The death yak gores you!!
* * * LOW HITPOINT WARNING * * *
You take 20 damage, and have 10/69 hp.
MASSIVE DAMAGE!!
You now have 14/23 mp.
You feel much better. The death yak closely misses you.
You regained 22 hp, and now have 32/69 hp.
Casting: Static Discharge (safe; 1% risk of failure)
Confirm with . or Enter, or press ? or * to list all spells.
You miscast Olgreb's Toxic Radiance.
You are very lightly contaminated with residual magic.
Nothing appears to happen.
Magical energy flows into your mind! The death yak closely misses you.
Casting: Olgreb's Toxic Radiance (dangerous; 26% risk of failure)
Confirm with . or Enter, or press ? or * to list all spells.
You begin to radiate toxic energy.
The death yak misses you.
You now have 11/23 mp.
The death yak looks even sicker.
The death yak gores you!!
* * * LOW HITPOINT WARNING * * *
You take 19 damage, and have 14/69 hp.
MASSIVE DAMAGE!!
The death yak looks even sicker.
Your toxic aura wanes.
The death yak attacks as it pursues you!
The death yak completely misses you.
Your magical contamination has completely faded away.
Casting: Olgreb's Toxic Radiance (dangerous; 26% risk of failure)
Confirm with . or Enter, or press ? or * to list all spells.
The death yak is struck by an arc of lightning.
The death yak is almost dead.
You are struck by an arc of lightning.
* * * LOW HITPOINT WARNING * * *
The lightning grounds out.
Magical energy flows into your mind! The death yak gores you!!
You die...

.######'##### #.........####. .#
#..### #.........# ## .# ##...#
#..<......# # ## ###)#
########.## # #.### #######.# #
#...# #.......# ####
#######.#######'####### #...
#........(#.....#.#...###...
#.....>...Y@###.#.#.#.#.'...
#.##########....#...#)'.#...
#########.......####.#####.###...
.....##...####...###...#...# #...
######...##..##....###.#.#.# #...
#.............).)..รท.#.# ##'#
##....##..##....####'#### #..
#......####...######.# ##.
#..##........## #...# ##


You could see a death yak (very poisoned).

Vanquished Creatures
  A two-headed ogre (D:8)
  A death yak (D:10)
  Maggie (D:8)
  A cane toad (D:10)
  Jeremiah (D:8)
  Psyche (D:8)
  A troll (D:7)
  A hornet (D:9)
  A blink frog (D:10)
  Grinder (D:5)
  Sigmund (D:3)
  17 yaks
  A shadow (D:10)
  2 wyverns
  A warg (D:9)
  2 water moccasins
  3 ice beasts
  10 orc warriors
  A centaur (D:7)
  2 phantoms (D:6)
  An elf zombie (Ossuary)
  2 kobold brigands
  9 bullfrogs
  2 weeping skulls (Ossuary)
  4 scorpions
  6 wights (D:8)
  4 killer bees (D:9)
  3 howler monkeys
  A bombardier beetle (D:5)
  A human zombie (Ossuary)
  4 hounds
  A gnoll bouda (D:7)
  5 orc priests
  Crazy Yiuf (D:2)
  Jessica (D:2)
  2 sleepcaps (D:5)
  6 orc wizards
  2 mummies (Ossuary)
  15 gnolls
  10 adders
  A river rat (D:5)
  A shadow imp (D:5)
  2 white imps
  An adder zombie (Ossuary)
  A dart slug (D:2)
  2 ribbon worms
  46 orcs
  8 endoplasms
  4 giant cockroaches
  A gnoll zombie (Ossuary)
  8 goblins
  6 hobgoblins
  8 quokkas
  8 ball pythons
  3 bats
  9 frilled lizards
  A goblin zombie (D:7)
  21 kobolds
  A kobold zombie (Ossuary)
  A quokka zombie (D:7)
  6 rats
269 creatures vanquished.

Vanquished Creatures (others)
  A kobold brigand (D:8)
  2 kobolds (D:8)
3 creatures vanquished.

Grand Total: 272 creatures vanquished

Notes
Turn   | Place    | Note
-------+----------+-------------------------------------------
     0 | D:1      | jasper the Tengu Air Elementalist began the quest for the
                  | Orb.
     0 | D:1      | Reached XP level 1. HP: 10/10 MP: 4/4
    13 | D:1      | You fall into a shaft and drop 1 floor!
   143 | D:1      | Found a faded altar of an unknown god.
   185 | D:1      | Reached XP level 2. HP: 16/16 MP: 3/6
   221 | D:1      | Found Ryimomosk's Weapon Boutique.
   898 | D:1      | Reached XP level 3. HP: 9/20 MP: 7/7
   899 | D:1      | Reached skill level 1 in Fighting
   959 | D:1      | Learned a level 2 spell: Static Discharge
   963 | D:1      | Learned a level 3 spell: Swiftness
  1512 | D:2      | Reached skill level 5 in Air Magic
  1512 | D:2      | Reached XP level 4. HP: 24/25 MP: 4/8
  1562 | D:2      | Found an ornate altar of the Wu Jian Council.
  1675 | D:2      | Found a runed translucent door.
  1676 | D:2      | Noticed Crazy Yiuf
  1953 | D:2      | Noticed Jessica
  1956 | D:2      | Killed Jessica
  2184 | D:2      | Killed Crazy Yiuf
  2185 | D:2      | Reached XP level 5. HP: 15/30 MP: 4/9
  2289 | D:3      | Found a basalt altar of Yredelemnul.
  2296 | D:3      | Noticed Sigmund
  2312 | D:3      | Killed Sigmund
  2313 | D:3      | Reached skill level 5 in Conjurations
  2313 | D:3      | Reached skill level 6 in Air Magic
  2313 | D:3      | Reached XP level 6. HP: 32/36 MP: 10/10
  2557 | D:3      | Found a burning altar of Makhleb.
  3217 | D:3      | Identified a scroll of acquirement
  3217 | D:3      | Acquired a manual of Air Magic
  3294 | D:4      | Reached skill level 7 in Air Magic
  3499 | D:4      | Gained mutation: Your magical flight helps you evade
                  | attacks. (EV +4) [Tengu growth]
  3499 | D:4      | Reached XP level 7. HP: 40/40 MP: 11/11
  3627 | D:4      | Found a bloodstained altar of Trog.
  4067 | D:5      | Entered Level 5 of the Dungeon
  4153 | D:5      | Reached skill level 8 in Air Magic
  4159 | D:5      | Learned a level 4 spell: Airstrike
  4249 | D:5      | Found a hazy altar of Hepliaklqana.
  4541 | D:5      | Reached skill level 9 in Air Magic
  4663 | D:5      | Noticed Grinder
  4667 | D:5      | Killed Grinder
  4668 | D:5      | Reached XP level 8. HP: 48/48 MP: 4/13
  4812 | D:5      | Reached skill level 10 in Air Magic
  4826 | D:5      | Found a glowing drain.
  4904 | D:5      | Found a sparkling altar of Nemelex Xobeh.
  5078 | D:5      | Reached skill level 11 in Air Magic
  5123 | D:5      | Found Geirapp's Book Boutique.
  5406 | D:5      | Found a staircase to the Ecumenical Temple.
  5453 | Temple   | Entered the Ecumenical Temple
  5469 | Temple   | Became a worshipper of Ashenzari the Shackled
  5592 | D:6      | Reached skill level 12 in Air Magic
  5696 | D:6      | Reached XP level 9. HP: 53/53 MP: 7/15
  5716 | D:6      | Found a white marble altar of Elyvilon.
  5745 | D:6      | Got the Octavo of Amalgamated Frostbite
  5780 | D:6      | Found Domesch's Book Emporium.
  5818 | D:6      | Reached skill level 5 in Fighting
  5871 | D:6      | Reached skill level 13 in Air Magic
  6258 | D:7      | Noticed a troll
  6263 | D:7      | Killed a troll
  6264 | D:7      | Reached skill level 5 in Dodging
  6326 | D:7      | Found Xociunno's Elemental Accessories.
  6339 | D:7      | Reached skill level 14 in Air Magic
  6417 | D:7      | Found a sand-covered staircase.
  6438 | Ossuary  | Entered an ossuary
  6438 | Ossuary  | Found a huge runed translucent gate.
  6438 | Ossuary  | Found a huge runed translucent gate.
  6438 | Ossuary  | Found a huge runed translucent gate.
  6438 | Ossuary  | Found a huge runed translucent gate.
  6438 | Ossuary  | Found a huge runed translucent gate.
  6438 | Ossuary  | Found a huge runed translucent gate.
  6438 | Ossuary  | Found a huge runed translucent gate.
  6438 | Ossuary  | Found a huge runed translucent gate.
  6438 | Ossuary  | Found a huge runed translucent gate.
  6439 | Ossuary  | Found a huge runed translucent gate.
  6439 | Ossuary  | Found a huge runed translucent gate.
  6440 | Ossuary  | Found a huge runed translucent gate.
  6440 | Ossuary  | Found a huge runed translucent gate.
  6442 | Ossuary  | Found a huge runed translucent gate.
  6442 | Ossuary  | Found a huge runed translucent gate.
  6513 | Ossuary  | Found a huge runed translucent gate.
  6513 | Ossuary  | Found a huge runed translucent gate.
  6513 | Ossuary  | Found a huge runed translucent gate.
  6513 | Ossuary  | Found a huge runed translucent gate.
  6513 | Ossuary  | Found a huge runed translucent gate.
  6514 | Ossuary  | Found a huge runed translucent gate.
  6514 | Ossuary  | Found a huge runed translucent gate.
  6516 | Ossuary  | Found a huge runed translucent gate.
  6516 | Ossuary  | Found a huge runed translucent gate.
  6517 | Ossuary  | Found a huge runed translucent gate.
  6517 | Ossuary  | Found a huge runed translucent gate.
  6518 | Ossuary  | Found a huge runed translucent gate.
  6518 | Ossuary  | Found a huge runed translucent gate.
  6542 | Ossuary  | Found a huge runed translucent gate.
  6542 | Ossuary  | Found a huge runed translucent gate.
  6543 | Ossuary  | Found a huge runed translucent gate.
  6543 | Ossuary  | Found a huge runed translucent gate.
  6543 | Ossuary  | Found a huge runed translucent gate.
  6543 | Ossuary  | Found a huge runed translucent gate.
  6543 | Ossuary  | Found a huge runed translucent gate.
  6564 | Ossuary  | Reached skill level 15 in Air Magic
  6873 | D:7      | Found a shadowy altar of Dithmenos.
  6929 | D:7      | Reached skill level 5 in Spellcasting
  7092 | D:7      | Reached XP level 10. HP: 58/60 MP: 11/18
  7356 | D:8      | Noticed Maggie
  7365 | D:8      | Killed Maggie
  7366 | D:8      | Reached skill level 16 in Air Magic
  7496 | D:8      | Noticed Jeremiah
  7499 | D:8      | Killed Jeremiah
  7625 | D:8      | Reached * piety under Ashenzari
  7710 | D:8      | Found a stormy altar of Qazlal.
  7727 | D:8      | Noticed a two-headed ogre
  7732 | D:8      | Killed a two-headed ogre
  7737 | D:8      | Noticed Psyche
  7773 | D:8      | Killed Psyche
  8344 | D:9      | Reached XP level 11. HP: 13/68 MP: 16/22
  8608 | D:9      | Found a staircase to the Orcish Mines.
  9523 | D:9      | Found a shimmering altar of Xom.
  9527 | D:9      | Found an ancient bone altar of Kikubaaqudgha.
  9690 | D:10     | Entered Level 10 of the Dungeon
  9846 | D:10     | Found a flagged portal.
  9874 | Bailey   | Entered a bailey
  9967 | Bailey   | Acquired 1174 gold pieces
 10408 | D:5      | Bought a Young Poisoner's Handbook for 240 gold pieces
 10413 | D:5      | Learned a level 4 spell: Olgreb's Toxic Radiance
 10476 | D:6      | Bought a book of Transmutation for 364 gold pieces
 10482 | D:6      | Learned a level 5 spell: Irradiate
 10562 | D:10     | Reached skill level 1 in Alchemy
 10605 | D:10     | Noticed a death yak
 10615 | D:10     | Killed a death yak
 10615 | D:10     | Noticed a death yak
 10722 | D:9      | Slain by a death yak

Illustrated notes

Levels and vault maps discovered:
D:1:      lemuel_arrival_behind_the_door_small, layout_loops_ring,
          chequers_ecumenical_altar_twisty, serial_shops, shop,
          chequers_serial_rivers_small_3, nrook_campfire,
          kennysheep_small_spiral
D:2:      layout_loops_ring, basic_altar, uniq_jessica, uniq_crazy_yiuf_cottage
D:3:      layout_loops_corners, overflow_temple_1_default,
          yredelemnul_altar_generic, kennysheep_generic_room_6, uniq_sigmund
D:4:      layout_loops_ring, trog_three_pillars_becter
D:5:      kennysheep_spiral_hall, layout_basic, marbit_many_paths,
          nicolae_hepliaklqana_hippocampus, minmay_temple_entry_nine_rooms,
          serial_shops, nicolae_shop_advertising_works
          [nicolae_subvault_shop_adworks], serial_glass, glass_columns_c,
          glass_columns_a, glass_columns_a, glass_columns_b, glass_columns_a,
          glass_columns_a, glass_columns_b, glass_columns_a, glass_columns_b,
          glass_columns_b, glass_columns_a, glass_columns_a, glass_columns_a,
          glass_columns_c, gup_sewer_entry_bowl, uniq_grinder
D:6:      layout_cave_pools, mainiacjoe_overflow_six_doors_small, serial_shops,
          nicolae_diamond_shop, minmay_crystal_room, nicolae_elevator_lobby_plus
D:7:      layout_gridville, nicolae_dithmenos_the_darkroom, enter_ossuary_4,
          nicolae_elemental_shop, minmay_fountain_box
D:8:      layout_cave_pools, general_overflow_altar, uniq_maggie, uniq_psyche,
          uniq_jeremiah
D:9:      layout_roguey, grunt_temple_overflow_open, david_orc_1_choice
D:10:     layout_cave_pods, mainiacjoe_overflow_alcove_2, dpeg_lair_monsters,
          enter_bailey_4, serial_column_ruins, column_ruins_square_small,
          column_ruins_square_large, column_ruins_open_tiny,
          column_ruins_columns_corner, column_ruins_open_large,
          column_ruins_open_small, column_ruins_open_small,
          column_ruins_open_tiny, column_ruins_open_tiny
Temple:   jpeg_temple_clearing

Skill      XL: |  1  2  3  4  5  6  7  8  9 10 11 |
---------------+----------------------------------+-----
Conjurations   | 2 3 4 5 6 |  6.0
Fighting       | 1 2 3 4 6 7 8 |  8.7
Air Magic      | 5 6 7 9 12 15 16 | 16.2
Dodging        | 3 4 6 8 9 |  9.0
Spellcasting   | 3 5 6 7 |  7.6
Alchemy        | 4 |  4.1
Stealth        | |  2.0

Action                     |  1- 3 |  4- 6 |  7- 9 | 10-12 || total
---------------------------+-------+-------+-------+-------++-------
  Melee: Dagger            |     2 |     4 |     5 |     4 ||    15
         Kick              |     1 |     2 |     2 |     1 ||     6
         Peck              |       |     1 |       |     2 ||     3
   Cast: Shock             |    68 |    68 |   193 |   174 ||   503
         Static Discharge  |     3 |     8 |    49 |    38 ||    98
         Airstrike         |       |       |    20 |    64 ||    84
         Olgreb's Toxic Ra |       |       |       |     2 ||     2
 Invoke: Curse Item        |       |       |     1 |     1 ||     2
  Evoke: Wand              |       |       |       |     1 ||     1
    Use: Potion            |       |     5 |       |     5 ||    10
         Scroll            |       |     9 |     6 |     2 ||    17
   Stab: Sleeping          |       |     1 |       |     1 ||     2
         Invisible         |       |     1 |       |       ||     1
 Armour: Robe              |    17 |    21 |    91 |   124 ||   253
  Dodge: Dodged            |    25 |     9 |    49 |   137 ||   220

Table legend: (Time is in decaauts)
 A = Elapsed time spent in this place.
 B = Non-inter-level travel time spent in this place.
 C = Inter-level travel time spent in this place.
 D = Time resting spent in this place.
 E = Time spent auto-exploring this place.
 F = Levels seen in this place.
 G = Mean time per level.
                   A        B        C        D        E       F      G
               +--------+--------+--------+--------+--------+-----+--------+
         Total |  10692 |  10090 |    602 |    916 |   7672 |  13 |  822.5 |
       Dungeon |   9953 |   9382 |    571 |    916 |   7093 |  10 |  995.3 |
        Temple |     32 |      2 |     30 |      0 |      0 |   1 |   32.0 |
       Ossuary |    297 |    297 |      0 |      0 |    257 |   1 |  297.0 |
        Bailey |    408 |    408 |      0 |      0 |    322 |   1 |  408.0 |
               +--------+--------+--------+--------+--------+-----+--------+

Top non-repeatable levels by time:
     D:9: 1664 daAuts
     D:5: 1495 daAuts
     D:1: 1360 daAuts
     D:3: 1024 daAuts
     D:7: 930 daAuts
     D:8: 879 daAuts
     D:2: 856 daAuts
     D:4: 793 daAuts
     D:6: 662 daAuts
  Bailey: 408 daAuts
 Ossuary: 297 daAuts
    D:10: 285 daAuts
  Temple: 32 daAuts
